| TOP OF THE 1ST |
|
Omaha Storm Chasers batting - Pitching for Tulsa Drillers : RHP Luis Garcia
|
|
Pitching: RHP Luis Garcia
|
|
|
Batting: RHB Jay Schellin
|
0-0: Foul Ball, location: 2F 0-1: Foul Ball, location: 2F 0-2: Ball 1-2: Ball 2-2: Ball 3-2: Fly out, F8 (Flyball, 8LXD, EV 86.9 MPH)
|
|
Batting: SHB Rafael Landestoy
|
0-0: Ball 1-0: Ball 2-0: Ball 3-0: Called Strike 3-1: Base on Balls
|
|
Batting: RHB Don Money
|
0-0: Called Strike Rafael Landestoy steals 2nd base (no throw) 0-1: Hit by Pitch
|
|
Batting: LHB Mike LaValliere
|
0-0: Ball 1-0: Ball 2-0: SINGLE (Groundball, 6MS, EV 56.9 MPH) (infield hit) Rafael Landestoy to third Don Money to second
|
|
Batting: RHB Eddie Gates
|
0-0: Foul Ball, location: 2F 0-1: Foul Ball, location: 2F 0-2: Reached on error, E5 (Groundball, 5, EV 110.0 MPH) Rafael Landestoy scores Don Money to third Mike LaValliere to second
|
|
Batting: LHB Donald Elliott
|
0-0: Foul Ball, location: 2F 0-1: Called Strike 0-2: Strikes out swinging
|
|
Batting: SHB Larry Bowa
|
0-0: Ball 1-0: Fly out, F9 (Flyball, 9, EV 90.6 MPH)
|
| Top of the 1st over - 1 run, 1 hit, 1 error, 3 left on base; Omaha 1 - Tulsa 0 |
| BOTTOM OF THE 1ST |
|
Tulsa Drillers batting - Pitching for Omaha Storm Chasers : LHP Brad Havens
|
|
Pitching: LHP Brad Havens
|
|
|
Batting: RHB Victor Rios
|
0-0: Swinging Strike 0-1: Ball 1-1: Ground out 5-3 (Groundball, 56, EV 77.5 MPH)
|
|
Batting: SHB Paul Householder
|
0-0: Called Strike 0-1: Ball 1-1: Swinging Strike 1-2: Strikes out swinging
|
|
Batting: LHB Jim Adduci
|
0-0: Ball 1-0: Ball 2-0: Called Strike 2-1: Called Strike 2-2: Foul Ball, location: 2F 2-2: Foul Ball, location: 2F 2-2: Foul Ball, location: 2F 2-2: Foul Ball, location: 2F 2-2: Ball 3-2: Strikes out swinging
|
| Bottom of the 1st over - 0 runs, 0 hits, 0 errors, 0 left on base; Omaha 1 - Tulsa 0 |
| TOP OF THE 2ND |
|
Omaha Storm Chasers batting - Pitching for Tulsa Drillers : RHP Luis Garcia
|
|
Batting: RHB Mike Allport
|
0-0: Ball 1-0: Foul Ball, location: 2F 1-1: Ball 2-1: Foul Ball, location: 2F 2-2: Ball 3-2: SINGLE (Groundball, 34S, EV 65.0 MPH) (infield hit)
|
|
Batting: RHB Odie Davis
|
0-0: Ball 1-0: Swinging Strike 1-1: Called Strike 1-2: Strikes out swinging
|
|
Batting: RHB Jay Schellin
|
0-0: Ball 1-0: Ball 2-0: Foul Ball, location: 2F 2-1: Ball 3-1: Foul Ball, location: 2F 3-2: Fielders Choice at 2nd, 6-4 (Groundball, 6, EV 87.5 MPH)
|
|
Batting: SHB Rafael Landestoy
|
0-0: Called Strike 0-1: Ball 1-1: Ball 2-1: Foul Ball, location: 2F 2-2: Ball 3-2: SINGLE (Groundball, 34S, EV 73.1 MPH) (infield hit) Jay Schellin to second
|
|
Batting: RHB Don Money
|
0-0: Ball 1-0: Ball 2-0: Called Strike 2-1: Called Strike 2-2: Ball 3-2: Foul Ball, location: 2F 3-2: Ground out 6-3 (Groundball, 6M, EV 91.3 MPH)
|
| Top of the 2nd over - 0 runs, 2 hits, 0 errors, 2 left on base; Omaha 1 - Tulsa 0 |
| BOTTOM OF THE 2ND |
|
Tulsa Drillers batting - Pitching for Omaha Storm Chasers : LHP Brad Havens
|
|
Batting: LHB Mike Pagliarulo
|
0-0: Called Strike 0-1: Ball 1-1: Ball 2-1: Fly out, F7 (Line Drive, 7, EV 93.1 MPH)
|
|
Batting: SHB Luis Quinones
|
0-0: Fly out, F8 (Flyball, 8LXD, EV 102.5 MPH)
|
|
Batting: RHB Bob E Johnson
|
0-0: Foul Ball, location: 2F 0-1: Swinging Strike 0-2: Ball 1-2: Foul Ball, location: 2F 1-2: Foul Ball, location: 2F 1-2: Foul Ball, location: 2F 1-2: Strikes out swinging
|
| Bottom of the 2nd over - 0 runs, 0 hits, 0 errors, 0 left on base; Omaha 1 - Tulsa 0 |
| TOP OF THE 3RD |
|
Omaha Storm Chasers batting - Pitching for Tulsa Drillers : RHP Luis Garcia
|
|
Batting: LHB Mike LaValliere
|
0-0: Ground out 4-3 (Groundball, 4, EV 100.6 MPH)
|
|
Batting: RHB Eddie Gates
|
0-0: Fly out, F8 (Flyball, 8LD, EV 92.5 MPH)
|
|
Batting: LHB Donald Elliott
|
0-0: Ball 1-0: Foul Ball, location: 2F 1-1: Foul Ball, location: 2F 1-2: Ball 2-2: Ground out 3-1 (Groundball, 34, EV 91.9 MPH)
|
| Top of the 3rd over - 0 runs, 0 hits, 0 errors, 0 left on base; Omaha 1 - Tulsa 0 |
| BOTTOM OF THE 3RD |
|
Tulsa Drillers batting - Pitching for Omaha Storm Chasers : LHP Brad Havens
|
|
Batting: RHB Nick Belmonte
|
0-0: Hit by Pitch
|
|
Batting: LHB Randy Braun
|
0-0: Ball 1-0: Called Strike 1-1: Ball 2-1: Ball 3-1: Called Strike 3-2: SINGLE (Flyball, 56D, EV 90.0 MPH) Nick Belmonte to second
|
|
Batting: RHB Onix Concepcion
|
0-0: Swinging Strike 0-1: Ball 1-1: Called Strike 1-2: Foul Ball, location: 2F 1-2: Ball 2-2: Ball 3-2: Strikes out swinging
|
|
Batting: RHB Victor Rios
|
0-0: Ball Randy Braun is caught stealing 2nd base 2-4 Nick Belmonte steals 3rd base 1-0: Ball 2-0: Foul Ball, location: 2F 2-1: Foul Ball, location: 2F 2-2: Foul Ball, location: 2F 2-2: Foul Ball, location: 2F 2-2: Ball 3-2: SINGLE (Flyball, 5D, EV 90.6 MPH) Nick Belmonte scores
|
|
Batting: SHB Paul Householder
|
0-0: Ball 1-0: Ball 2-0: Ball 3-0: Base on Balls Victor Rios to second
|
|
Batting: LHB Jim Adduci
|
0-0: Foul Ball, location: 2F 0-1: Foul Ball, location: 2F 0-2: 3-RUN HOME RUN (Flyball, 9LD, EV 91.3 MPH), Distance : 356 ft
|
|
Batting: LHB Mike Pagliarulo
|
0-0: Ball 1-0: Ball 2-0: Ground out 4-3 (Groundball, 4, EV 89.4 MPH)
|
| Bottom of the 3rd over - 4 runs, 3 hits, 0 errors, 0 left on base; Omaha 1 - Tulsa 4 |
| TOP OF THE 4TH |
|
Omaha Storm Chasers batting - Pitching for Tulsa Drillers : RHP Luis Garcia
|
|
Batting: SHB Larry Bowa
|
0-0: Ball 1-0: Ball 2-0: Ball 3-0: Called Strike 3-1: Foul Ball, location: 2F 3-2: Foul Ball, location: 2F 3-2: Strikes out swinging
|
|
Batting: RHB Mike Allport
|
0-0: Called Strike 0-1: Swinging Strike 0-2: Foul Ball, location: 2F 0-2: Ball 1-2: Foul Ball, location: 2F 1-2: Strikes out swinging
|
|
Batting: RHB Odie Davis
|
0-0: Swinging Strike 0-1: Ball 1-1: Ball 2-1: Foul Ball, location: 2F 2-2: Foul Ball, location: 2F 2-2: Foul Ball, location: 2F 2-2: Ball 3-2: Strikes out looking
|
| Top of the 4th over - 0 runs, 0 hits, 0 errors, 0 left on base; Omaha 1 - Tulsa 4 |
| BOTTOM OF THE 4TH |
|
Tulsa Drillers batting - Pitching for Omaha Storm Chasers : LHP Brad Havens
|
|
Batting: SHB Luis Quinones
|
0-0: Called Strike 0-1: Fly out, F8 (Flyball, 8LM, EV 92.5 MPH)
|
|
Batting: RHB Bob E Johnson
|
0-0: Ball 1-0: Called Strike 1-1: Ground out U3 (Groundball, 13, EV 83.1 MPH)
|
|
Batting: RHB Nick Belmonte
|
0-0: Fly out, F9 (Line Drive, 9, EV 100.0 MPH)
|
| Bottom of the 4th over - 0 runs, 0 hits, 0 errors, 0 left on base; Omaha 1 - Tulsa 4 |
| TOP OF THE 5TH |
|
Omaha Storm Chasers batting - Pitching for Tulsa Drillers : RHP Luis Garcia
|
|
Batting: RHB Jay Schellin
|
0-0: Called Strike 0-1: Ball 1-1: Ball 2-1: Ground out 1-3 (Groundball, 13S, EV 64.4 MPH)
|
|
Batting: SHB Rafael Landestoy
|
0-0: Called Strike 0-1: Ball 1-1: Called Strike 1-2: Foul Ball, location: 2F 1-2: Ball 2-2: Ball 3-2: Strikes out swinging
|
|
Batting: RHB Don Money
|
0-0: Foul Ball, location: 2F 0-1: Fly out, F2 (Popup, 23F, EV 85.0 MPH)
|
| Top of the 5th over - 0 runs, 0 hits, 0 errors, 0 left on base; Omaha 1 - Tulsa 4 |
| BOTTOM OF THE 5TH |
|
Tulsa Drillers batting - Pitching for Omaha Storm Chasers : LHP Brad Havens
|
|
Batting: LHB Randy Braun
|
0-0: Called Strike 0-1: Called Strike 0-2: Fly out, F6 (Flyball, 56D, EV 91.9 MPH)
|
|
Batting: RHB Onix Concepcion
|
0-0: Ball 1-0: Called Strike 1-1: Called Strike 1-2: SINGLE (Groundball, 34D, EV 96.3 MPH)
|
|
Batting: RHB Victor Rios
|
0-0: Ball 1-0: Grounds into double play, 6-4-3 (Groundball, 6, EV 107.5 MPH)
|
| Bottom of the 5th over - 0 runs, 1 hit, 0 errors, 0 left on base; Omaha 1 - Tulsa 4 |
| TOP OF THE 6TH |
|
Omaha Storm Chasers batting - Pitching for Tulsa Drillers : RHP Luis Garcia
|
|
Batting: LHB Mike LaValliere
|
0-0: Fly out, F9 (Flyball, 89D, EV 78.1 MPH)
|
|
Batting: RHB Eddie Gates
|
0-0: Ball 1-0: Called Strike 1-1: Called Strike 1-2: Foul Ball, location: 2F 1-2: Fly out, F4 (Popup, 34, EV 56.3 MPH)
|
|
Batting: LHB Donald Elliott
|
0-0: Ball 1-0: Swinging Strike 1-1: SINGLE (Groundball, 56D, EV 100.0 MPH)
|
|
Batting: SHB Larry Bowa
|
0-0: Fly out, F7 (Line Drive, 7, EV 95.6 MPH)
|
| Top of the 6th over - 0 runs, 1 hit, 0 errors, 1 left on base; Omaha 1 - Tulsa 4 |
| BOTTOM OF THE 6TH |
|
Tulsa Drillers batting - Pitching for Omaha Storm Chasers : LHP Brad Havens
|
|
Batting: SHB Paul Householder
|
0-0: Ground out 5-3 (Groundball, 5S, EV 61.9 MPH)
|
|
Batting: LHB Jim Adduci
|
0-0: Called Strike 0-1: Ground out 4-3 (Groundball, 4, EV 104.4 MPH)
|
|
Batting: LHB Mike Pagliarulo
|
0-0: Swinging Strike 0-1: Swinging Strike 0-2: Foul Ball, location: 2F 0-2: Foul Ball, location: 2F 0-2: Foul Ball, location: 2F 0-2: Fly out, F7 (Flyball, 7LM, EV 96.3 MPH)
|
| Bottom of the 6th over - 0 runs, 0 hits, 0 errors, 0 left on base; Omaha 1 - Tulsa 4 |
| TOP OF THE 7TH |
|
Omaha Storm Chasers batting - Pitching for Tulsa Drillers : RHP Luis Garcia
|
|
Batting: RHB Mike Allport
|
0-0: Ball 1-0: Ball 2-0: Foul Ball, location: 2F 2-1: Ball 3-1: SINGLE (Groundball, 6MS, EV 65.6 MPH) (infield hit)
|
|
Batting: RHB Odie Davis
|
0-0: Swinging Strike 0-1: Ball 1-1: Called Strike 1-2: Ball 2-2: Fielders Choice at 2nd, 3-6 (Groundball, 34, EV 92.5 MPH)
|
|
Batting: RHB Jay Schellin
|
0-0: Foul Ball, location: 2F 0-1: Fielders Choice at 2nd, 6-4 (Groundball, 6D, EV 86.3 MPH)
|
|
Batting: SHB Rafael Landestoy
|
0-0: Ball 1-0: Ball 2-0: Foul Ball, location: 2F 2-1: Ground out 4-3 (Groundball, 4M, EV 105.6 MPH)
|
| Top of the 7th over - 0 runs, 1 hit, 0 errors, 1 left on base; Omaha 1 - Tulsa 4 |
| BOTTOM OF THE 7TH |
|
Tulsa Drillers batting - Pitching for Omaha Storm Chasers : LHP Brad Havens
|
|
Batting: SHB Luis Quinones
|
0-0: Called Strike 0-1: Foul Ball, location: 2F 0-2: Strikes out swinging
|
|
Batting: RHB Bob E Johnson
|
0-0: Foul Ball, location: 2F 0-1: Ball 1-1: Called Strike 1-2: Strikes out swinging
|
|
Batting: RHB Nick Belmonte
|
0-0: Ball 1-0: Fly out, F9 (Flyball, 9S, EV 86.9 MPH)
|
| Bottom of the 7th over - 0 runs, 0 hits, 0 errors, 0 left on base; Omaha 1 - Tulsa 4 |
| TOP OF THE 8TH |
|
Omaha Storm Chasers batting - Pitching for Tulsa Drillers : RHP Luis Garcia
|
|
Batting: RHB Don Money
|
0-0: Ball 1-0: Ground out U3 (Groundball, 3, EV 83.8 MPH)
|
|
Batting: LHB Mike LaValliere
|
0-0: Ball 1-0: Foul Ball, location: 2F 1-1: Swinging Strike 1-2: Ball 2-2: Foul Ball, location: 2F 2-2: Strikes out looking
|
|
Batting: RHB Eddie Gates
|
0-0: Foul Ball, location: 2F 0-1: Foul Ball, location: 2F 0-2: Ball 1-2: Foul Ball, location: 2F 1-2: Strikes out swinging
|
| Top of the 8th over - 0 runs, 0 hits, 0 errors, 0 left on base; Omaha 1 - Tulsa 4 |
| BOTTOM OF THE 8TH |
|
Tulsa Drillers batting - Pitching for Omaha Storm Chasers : LHP Brad Havens
|
|
Batting: LHB Randy Braun
|
0-0: SINGLE (Groundball, 4MD, EV 101.3 MPH)
|
|
Batting: RHB Onix Concepcion
|
0-0: Ball 1-0: Sac Bunt to 23 - play at first, batter OUT! 3-4 Randy Braun to second
|
|
Batting: RHB Victor Rios
|
0-0: Ball 1-0: Called Strike 1-1: Fly out, F6 (Popup, 6D, EV 45.0 MPH)
|
|
Batting: SHB Paul Householder
|
0-0: Intentional Walk
|
|
Batting: LHB Jim Adduci
|
0-0: Ball 1-0: Fly out, F8 (Flyball, 8LD, EV 85.6 MPH)
|
| Bottom of the 8th over - 0 runs, 1 hit, 0 errors, 2 left on base; Omaha 1 - Tulsa 4 |
| TOP OF THE 9TH |
|
Omaha Storm Chasers batting - Pitching for Tulsa Drillers : RHP Luis Garcia
|
|
Batting: LHB Donald Elliott
|
0-0: Ball 1-0: Foul Ball, location: 2F 1-1: SINGLE (Groundball, 4MD, EV 98.8 MPH)
|
|
Batting: SHB Larry Bowa
|
0-0: Ball 1-0: Called Strike 1-1: Called Strike 1-2: Foul Ball, location: 2F 1-2: Ball 2-2: Ball 3-2: Foul Ball, location: 2F 3-2: Ground out 6-3 (Groundball, P, EV 83.1 MPH) Donald Elliott to second
|
|
Batting: RHB Mike Allport
|
0-0: Called Strike 0-1: Called Strike 0-2: Ball 1-2: Ball 2-2: Ground out 6-3 (Groundball, 6M, EV 100.6 MPH) Donald Elliott to third
|
|
Batting: RHB Odie Davis
|
0-0: Called Strike 0-1: Swinging Strike 0-2: Ball 1-2: Ball 2-2: Foul Ball, location: 2F 2-2: Ball 3-2: Foul Ball, location: 2F 3-2: Strikes out swinging
|
| Top of the 9th over - 0 runs, 1 hit, 0 errors, 1 left on base; Omaha 1 - Tulsa 4 |
|